 Dungeon Crawl Stone Soup version 0.7.1-20-g9bdf074 character file.

22797 Xorborg the Cloud Mage (level 12, -1/62 HPs)
             Began as a High Elf Air Elementalist on Aug 20, 2010.
             Was the Champion of Sif Muna.
             Slain by an orc warrior
             ... wielding a +0,+1 orcish glaive
              (30 damage)
             ... on Level 12 of the Dungeon.
             The game lasted 03:23:53 (24322 turns).

Xorborg the Cloud Mage (High Elf Air Elementalist) Turns: 24322, Time: 03:23:54

HP  -1/62        AC 10     Str  9 Exp: 12/31378 (0), need: 12121
MP   0/41        EV 16     Int 24      God: Sif Muna [******]
Gold 833         SH  0     Dex 15      Spells: 10 memorised,  4 levels left

Res.Fire  : . . .   See Invis. : +   b - +2 long sword (holy)
Res.Cold  : . . .   Warding    : .   y - +2 robe
Life Prot.: . . .   Conserve   : .   (no shield)
Res.Poison: .       Res.Corr.  : .   K - +0 cap
Res.Elec. : .       Clarity    : .   J - +1 cloak Spirit.Shd: . Stasis : .
                                     (no gloves)
Sust.Abil.: . .     Rnd.Telep. : .   M - +0 pair of elf boots
Res.Mut.  : .       Ctrl.Telep.: .   r - amulet of controlled flight
Res.Rott. : .       Levitation : +   C - ring of see invisible
Saprovore : . . .   Ctrl.Flight: +   u - ring of magical power

@: flying, very quick, swift, somewhat resistant to hostile enchantments, quite
stealthy
A: deterioration 1, AC +3
a: Channel Energy, Forget Spell, Renounce Religion


You were on level 12 of the Dungeon.
You worshipped Sif Muna.
Sif Muna was exalted by your worship.
You were not hungry.

You visited 5 branches of the dungeon, and saw 19 of its levels.
You visited 2 portal chambers: sewer, bailey.

You collected 813 gold pieces.

Inventory:

Hand weapons
 a - the +1,+4 mace of the Sky {drain, rPois rC+ AC+3 Int-4}
   (You found it on level 8 of the Dungeon)

   A truly terrible weapon, it drains the life of those it strikes.
   It affects your AC (+3).
   It affects your intelligence (-4).
   It protects you from cold.
   It protects you from poison.
 b - a +2,+2 long sword of holy wrath (weapon)
 n - a +1,+0 long sword of holy wrath
Armour
 y - a +2 robe (worn)
 J - a +1 cloak (worn)
 K - a +0 cap (worn)
 M - a +0 pair of elven boots (worn)
Magical devices
 c - a wand of digging (6)
 z - a wand of paralysis (2)
 L - a wand of draining (11)
 P - a wand of teleportation (2)
 Q - a wand of frost (8)
Comestibles
 h - 2 meat rations
 j - a choko
 m - 2 apples
 F - a bread ration
 N - a royal jelly
Scrolls
 g - 2 scrolls of identify
 s - 2 scrolls of fog
 t - 3 scrolls of remove curse
 w - 2 scrolls of detect curse
 x - 4 scrolls of teleportation
 S - 2 scrolls of blinking
Jewellery
 r - an amulet of controlled flight (around neck)
 u - a ring of magical power (left hand)
 v - an uncursed ring of protection from fire
 B - an uncursed ring of protection from magic
 C - a ring of see invisible (right hand)
 O - an uncursed amulet of resist corrosion
Potions
 d - a potion of brilliance
 e - a potion of magic
 i - a potion of agility
 k - 2 potions of might
 o - 3 potions of healing
 G - a potion of speed
 I - 2 potions of resistance You had 0 experience left.


   Skills:
 - Level 1 Short Blades
 - Level 1 Long Blades
 + Level 7 Dodging
 + Level 4 Stealth
 + Level 2 Stabbing
 + Level 2 Traps & Doors
 + Level 13 Spellcasting
 - Level 10 Conjurations
 + Level 6 Enchantments
 + Level 6 Ice Magic
 - Level 13 Air Magic
 + Level 3 Poison Magic
 + Level 2 Invocations


You had 4 spell levels left.
You knew the following spells:

 Your Spells              Type           Power        Success   Level
a - Shock                 Air/Conj       #####        Excellent   1
b - Throw Frost           Ice/Conj       #######      Excellent   2
c - Stone Arrow           Erth/Conj      ######.      Excellent   3
d - Bolt of Cold          Ice/Conj       #######...   Good        6
e - Mephitic Cloud        Pois/Air/Conj  #######...   Excellent   3
f - Freezing Cloud Ice/Air/Conj #######...     Very         Good        6
i - Swiftness             Air/Ench       #######...   Excellent   2
j - Repel Missiles        Air/Ench       #######...   Excellent   2
k - Levitation            Air/Ench       #######...   Excellent   2
l - Invisibility          Ench           ######...    Poor        6

Dungeon Overview and Level Annotations

Branches:
Dungeon (13/27)            Temple (1/1) D:6             Orc (1/4) D:9
   Lair (2/8) D:10           Hive (2/2) D:11
  Swamp: Lair:2-5

Altars:
Cheibriados
Elyvilon
Fedhas
Kikubaaqudgha
Makhleb
Nemelex Xobeh
Okawaru
Sif Muna
The Shining One
Trog
Vehumet
Xom
Yredelemnul
Zin

Shops:
D:5: [ D:12: +


Innate Abilities, Weirdness & Mutations

You are partially covered in iridescent scales (AC +3).
Your body is slowly deteriorating.


Message History

Casting: Throw Frost
Press: ? - help, Shift-Dir - straight line, f - orc warrior, p - yak
Aim: An orc warrior, wielding a glowing orcish glaive, and wearing an orcish splint mail (heavily wounded)
The puff of frost hits the orc warrior.
The orc warrior is almost dead.
The orc warrior hits you with a glowing orcish glaive!
You die...

....# ###.##### #.)......# ##......# #...... ....# #.#
#...\....# ##..#### ###.### ...Y# #.# #.<......# #.## #.#
...Y######## #.###### ###.###### #.# #.# ##.........#
###......## ##.....#### ##.# #.# #.........####.........#
#).(......# #..# #.# #..Y..>................#
##.)....##.####.##### ###.### #..Y......###..........#
#....)..##....#.....# #...... #..Y......#
#..........###.#.....#####.#.....# #...... #.........#
#....).....#...#.....# #.......# #...... #.........#
##.........#.###.....# ##......######...... #.........#
#.....(..(..# ##.#### ##.........Y....... #####.#####
#.........### #.# #.....######...... #.# #....(....# #.##
#.....# #...... ##.# ##...###########..## #####.###
#...... ###..########...)..........##..#### #.......#
###.### #....)............########........# ###.......#
#.... #..........##)....# #........###.........##########
#..........##.....# #............#............f....
#..........##"....# #........#####.......#######...
#..........#####.## #........# #.......# #... #..........#
#.# #........# #.......# #... #..........# #o# #........#
#..>....# #... #..........# #@# #.......># #.......# ####
###..........# #.# ######.### ##...##### # #...##########
#.# #..# ##..### ###### ....############ #Y# ##.##
#....##########..... ...............###)# #..#
#.............#..... ....##########...#.#####
####.#######....########....... ....# ###)...[..#
#...[..#......>?# ##..<... ##.## #.[.....#
#.....[..###....# ##..... #.# #.....).# #...[..### #....#
#####. #.# #..).).)# #...?..# ##.### #. #.#
#)#####)#####......# #.## #) #.# #.# #....)..)....# #..#
#. #.# #.# #######......#### ##.# #. #.# ##.#
#########....####.## #. ##.####
#..########.......####.##....# #. ......#
#....)..)))..)....####D#.....# ##.
..)...#########.#########.......#....DD....# ##..
..........)..#.....# #)......#..........############...
......######.......######.......#.........................
......# ###(.........#########..........############...
......# #.<...###### #..............# #... ......# #.....#
################ #... ####### #.....# #... ####### ####


You could see a yak and an orc warrior.

Vanquished Creatures
  Jozef (D:10)
  2 hydras (D:12)
  Erolcha (D:8)
  An unseen horror (D:12)
  Pikel (D:9)
  A hill giant (D:10)
  6 slime creatures (D:12)
  2 spiny frogs (Lair:1)
  2 komodo dragons (Lair:1)
  A troll (D:10)
  A queen bee (D:11)
  2 bears (D:11)
  3 giant toads (Lair:1)
  The ghost of valrus the Ducker, an average HaTm (D:4)
  A hungry ghost (D:12)
  A giant blowfly zombie (D:9)
  25 yaks
  A manticore (D:10)
  A black bear (D:8)
  2 giant goldfish (Hive:2)
  2 ice beasts
  10 orc warriors
  4 centaurs
  Menkaure (D:4)
  3 ogres
  2 crocodiles (Lair:1)
  2 gila monsters
  2 slaves (D:9)
  A giant slug (Lair:1)
  A wolf (Lair:1)
  A water moccasin (Lair:1)
  2 big kobolds
  A yellow wasp zombie (D:7)
  2 giant snails (Lair:1)
  Blork the orc (D:4)
  5 giant frogs
  A water moccasin skeleton (D:8)
  3 wights
  3 killer bee zombies
  5 jellyfish (Hive:2)
  88 killer bees
  A giant beetle (D:10)
  6 imps
  A big kobold skeleton (D:10)
  8 orc priests
  5 hounds
  3 big fish
  3 scorpions
  4 giant ants
  A hound skeleton (D:7)
  2 orc wizards
  2 iguanas
  2 sheep (Lair:1)
  2 jellies
  A giant centipede (Lair:1)
  9 green rats
  12 snakes
  A giant mite (D:9)
  An iguana skeleton (D:5)
  4 worms
  31 grey rats
  3 giant geckos
  An ooze (D:3)
  7 giant cockroaches
  22 goblins
  15 hobgoblins
  8 jackals
  30 kobolds
  70 orcs
  5 quokkas
  9 small snakes
  22 giant bats
  6 giant newts
  A giant spore (D:10)
  A hobgoblin skeleton (D:8)
  28 killer bee larvae
  An orc skeleton (D:10)
  2 orc zombies
  19 rats
  2 ballistomycetes (D:10)
  3 plants
  9 toadstools
559 creatures vanquished.

Vanquished Creatures (collateral kills)
  A queen bee (Hive:2)
  A yak (D:12)
  An orc warrior (D:12)
  5 killer bees
  A kobold (D:5)
  5 orcs
  4 killer bee larvae (Hive:2)
  2 toadstools (Lair:1)
20 creatures vanquished.

Vanquished Creatures (others)
  13 slime creatures (D:12)
  A slave (D:9)
  3 killer bees
  An imp (D:10)
  A hound (D:9)
  3 orc priests (D:9)
  A snake (D:9)
  A snake zombie (D:9)
  5 orcs
  A killer bee larva (Hive:2)
  A kobold (D:9)
  A rat (D:8)
  4 fungi (Lair:1)
  5 plants
  41 toadstools
82 creatures vanquished.

Grand Total: 661 creatures vanquished

Notes
Turn   | Place    | Note
--------------------------------------------------------------
     0 | D:1      | Xorborg, the High Elf Air Elementalist, began the quest for the Orb.
     0 | D:1      | Reached XP level 1. HP: 9/9 MP: 3/3
    83 | D:1      | Reached skill 4 in Air Magic
   365 | D:1      | Reached XP level 2. HP: 13/13 MP: 4/6
   382 | D:1      | Learned a level 2 spell: Swiftness
   385 | D:1      | Learned a level 2 spell: Repel Missiles
  1138 | D:2      | Noticed Terence
  1531 | D:2      | Reached skill 5 in Air Magic
  1617 | D:2      | Reached XP level 3. HP: 10/19 MP: 6/7
  2663 | D:4      | Found a glowing drain.
  2726 | D:4      | Reached XP level 4. HP: 14/23 MP: 2/10 2735
                  | sewer
                  | Entered the sewers 2745
                  | sewer
                  | Reached skill 6 in Air Magic 3061
                  | sewer
                  | Reached skill 1 in Stabbing 3061
                  | sewer
                  | Reached XP level 5. HP: 26/28 MP: 9/12 3100
                  | sewer
                  | Reached skill 7 in Air Magic 3398
                  | sewer
                  | Reached skill 8 in Air Magic 3483
                  | sewer
                  | Reached XP level 6. HP: 25/33 MP: 5/17 3631
                  | sewer
                  | Learned a level 2 spell: Levitation 3635
                  | sewer
                  | Learned a level 3 spell: Mephitic Cloud
  3880 | D:4      | Noticed valrus' ghost
  4054 | D:5      | Entered Level 5 of the Dungeon
  4203 | D:4      | Noticed Blork the orc
  4211 | D:4      | Reached skill 1 in Enchantments
  4312 | D:4      | Reached XP level 7. HP: 38/38 MP: 18/18
  4328 | D:4      | Defeated Blork the orc
  4333 | D:4      | Found a deep blue altar of Sif Muna.
  4346 | D:4      | Became a worshipper of Sif Muna the Loreminder
  4411 | D:4      | Reached skill 9 in Air Magic
  4437 | D:4      | Noticed Menkaure
  4440 | D:4      | Defeated valrus' ghost
  4569 | D:4      | Defeated Menkaure
  4572 | D:5      | Found Qowkaog's Armour Shop.
  5123 | D:5      | Acquired Sif Muna's first power
  5282 | D:6      | Reached skill 5 in Spellcasting
  5593 | D:5      | Found a glowing golden altar of the Shining One.
  5951 | D:5      | Reached XP level 8. HP: 42/42 MP: 16/21
  6274 | D:6      | Acquired Sif Muna's second power
  6279 | D:6      | Reached skill 10 in Air Magic
  6463 | D:6      | Found a staircase to the Ecumenical Temple.
  6474 | D:6      | Reached skill 5 in Conjurations
  6498 | Temple   | Entered the Ecumenical Temple
  7045 | D:6      | Reached skill 1 in Poison Magic
  7473 | D:7      | Reached skill 1 in Traps & Doors
  8088 | D:8      | Reached XP level 9. HP: 48/48 MP: 24/24
  8105 | D:8      | Noticed Erolcha
  8451 | D:8      | Got an ancient mace
  8452 | D:8      | Identified the +1,+4 mace of the Sky (You found it on level 8 of the Dungeon)
  8546 | D:8      | Found a flagged portal.
  8566 | D:8      | Gained mutation: Your muscles are flexible, but weak (Str -1, Dex +1).
  8566 | D:8      | Gained mutation: Your body is slowly deteriorating.
  8566 | D:8      | Gained mutation: You are partially covered in iridescent scales (AC +3).
  8567 | D:8      | Gained mutation: You are agile (Dex +1). 8572
                  | bailey
                  | Entered the bailey 8573
                  | bailey
                  | Noticed upsy's ghost 8585
                  | bailey
                  | Reached skill 11 in Air Magic
  9215 | D:8      | Defeated Erolcha
  9697 | D:10     | Entered Level 10 of the Dungeon
  9753 | D:9      | Acquired Sif Muna's third power
  9959 | D:9      | Lost mutation: You are agile (Dex +1).
  9959 | D:9      | Lost mutation: Your muscles are flexible, but weak (Str -1, Dex +1).
 10478 | D:9      | Found a staircase to the Orcish Mines.
 10585 | D:9      | Noticed Pikel
 10668 | D:9      | Defeated Pikel
 10668 | D:9      | Reached XP level 10. HP: 36/52 MP: 12/27
 11087 | D:9      | Reached skill 5 in Dodging
 11217 | D:9      | Reached skill 1 in Short Blades
 11282 | D:10     | Found a staircase to the Lair.
 11315 | D:10     | Reached skill 12 in Air Magic
 11504 | D:10     | Reached skill 10 in Spellcasting
 12083 | D:10     | Noticed Jozef
 12094 | D:10     | Defeated Jozef
 12798 | D:10     | Reached skill 1 in Long Blades
 12835 | Lair:1   | Entered Level 1 of the Lair of Beasts
 14074 | Lair:1   | Got a steaming battleaxe
 14075 | Lair:1   | Identified the battleaxe of the Five Planets {slay orc, rN+ EV-1 Str-1} (You found it on level 1 of the Lair of Beasts)
 14261 | Lair:1   | Received a gift from Sif Muna
 14288 | Lair:1   | Got an engraved book {god gift}
 14318 | Lair:1   | Identified Erolcha's Volume of Combat Magic and Snow {god gift} (Sif Muna gifted it to you on level 1 of the Lair of Beasts)
 14325 | Lair:1   | Learned a level 6 spell: Freezing Cloud
 14328 | Lair:1   | Learned a level 2 spell: Throw Frost
 14332 | Lair:1   | Learned a level 3 spell: Stone Arrow
 14335 | Lair:1   | Learned a level 2 spell: Throw Flame
 14385 | Lair:1   | Reached XP level 11. HP: 57/57 MP: 11/30
 15202 | Lair:2   | Reached skill 1 in Ice Magic
 15659 | D:11     | Reached skill 13 in Air Magic
 16119 | D:12     | Found Wiucecka's Book Shop.
 16826 | D:11     | Found a staircase to the Hive.
 16830 | D:11     | Noticed a queen bee
 17014 | D:11     | Defeated a queen bee
 17323 | Orc:1    | Entered Level 1 of the Orcish Mines
 17527 | Hive:1   | Entered Level 1 of the Hive
 17651 | Hive:2   | Entered Level 2 of the Hive
 17674 | Hive:1   | Got a polished chain mail
 17796 | Hive:2   | Identified the +0 chain mail of the Forest (You found it on level 1 of the Hive)
 17985 | Hive:2   | Got a black book
 17986 | Hive:2   | Identified Frederick's Guide on Conjuration (You found it on level 2 of the Hive)
 18203 | Hive:2   | Reached skill 10 in Conjurations
 19387 | Hive:2   | Received a gift from Sif Muna
 19391 | Hive:2   | Got a conspicuous book {god gift}
 19601 | Hive:2   | Identified Sif Muna's Volume of the Frostbite and Battle Magic {god gift} (Sif Muna gifted it to you on level 2 of the Hive)
 20359 | Hive:2   | Noticed Eifel's ghost
 21174 | Hive:1   | Learned a level 6 spell: Bolt of Cold
 21201 | Hive:1   | Learned a level 6 spell: Invisibility
 21442 | Hive:1   | Learned a level 3 spell: Stone Arrow
 21726 | Hive:2   | Reached skill 5 in Ice Magic
 22018 | D:12     | Reached XP level 12. HP: 62/62 MP: 10/32
 22248 | D:12     | Reached skill 5 in Enchantments
 22945 | D:12     | Reached skill 1 in Invocations
 24322 | D:12     | Slain by an orc warrior
